 Dungeon Crawl Stone Soup version 0.22.0-6-g71bd7aa (webtiles) character file.

232 Azzok the Chopper (level 6, -3/37 HPs)
             Began as a Gargoyle Fighter on Aug 15, 2018.
             Blown up by Ijyb (16 damage)
             ... with a wand of disintegration (9)
             ... on level 4 of the Dungeon.
             The game lasted 00:04:27 (1783 turns).

Azzok the Chopper (Gargoyle Fighter)                Turns: 1783, Time: 00:04:28

Health: -3/37      AC: 14    Str: 22    XL:     6   Next: 4%
Magic:  6/6        EV:  5    Int:  8    God:
Gold:   118        SH:  9    Dex:  9    Spells: 5/5 levels left

rFire    . . .     SeeInvis .   b - +0 dagger (venom)
rCold    . . .     Gourm    .   c - +0 shield
rNeg     + . .     Faith    .   e - +0 chain mail
rPois    ∞         Spirit   .   o - +0 helmet
rElec    +         Reflect  .   (no cloak)
rCorr    .         Harm     .   l - -1 pair of gloves
MR       .....                  (no boots)
Stlth    ..........             (no amulet)
HPRegen  0.12/turn              (no ring)
MPRegen  0.10/turn              (no ring)

@: no status effects
A: negative energy resistance 1, electricity resistance, unbreathing,
petrification resistance, rot immunity, AC +4
a: no special abilities


You were on level 4 of the Dungeon.
You were not hungry.

You visited 2 branches of the dungeon, and saw 4 of its levels.

You collected 118 gold pieces.

Inventory:

Hand Weapons
 a - a +1 war axe
 b - a +0 dagger of venom (weapon)
Armour
 c - a +0 shield (worn)
 e - a +0 chain mail (worn)
 l - a -1 pair of gloves (worn)
 o - a +0 helmet (worn)
Scrolls
 h - a scroll of enchant armour {unknown}
 j - 3 scrolls of teleportation {unknown}
 k - 2 scrolls of identify {unknown}
Potions
 d - 4 potions of might
 i - a potion of haste {unknown}
 m - a potion of heal wounds {unknown}
 n - a potion of curing {unknown}
Comestibles
 f - 5 rations
 g - a chunk of flesh


   Skills:
 - Level 3.2 Fighting
 + Level 5.5 Axes
 - Level 3.2 Armour
 - Level 3.2 Shields


You had 5 spell levels left.
You didn't know any spells.
Your spell library was empty.

Dungeon Overview and Level Annotations

Branches:
Dungeon (4/15)             Temple (1/1) D:4

Altars:
Ashenzari
Cheibriados
Dithmenos
Elyvilon
Fedhas
Gozag
Kikubaaqudgha
Makhleb
Nemelex Xobeh
Qazlal
Sif Muna
Vehumet
Xom
Yredelemnul
Zin
The Shining One

Annotations:
D:4 Ijyb


Innate Abilities, Weirdness & Mutations

You are resistant to torment.
Your stone body is resilient. (AC +4)
You are immune to poison.
You resist negative energy. (rN+)
You are resistant to electric shocks. (rElec)
You can survive without breathing.
You are immune to petrification.
You are immune to rotting.


Message History

You hit the worker ant.
The worker ant is poisoned.
The worker ant is moderately wounded.
You block the worker ant's attack. Ijyb barely misses you.
The worker ant bites you.
You hit the worker ant.
The worker ant looks as sick as possible!
The worker ant is severely wounded.
You kill the worker ant!
You have reached level 6!
Your experience leads to an increase in your attributes!
Increase (S)trength, (I)ntelligence, or (D)exterity?
You feel stronger. Ijyb hits you but does no damage.
You barely miss Ijyb.
Ijyb is moderately wounded.
Ijyb hits you but does no damage. Ijyb barely misses you.
You closely miss Ijyb.
Ijyb is moderately wounded.
Ijyb zaps a wand.
You are blasted!
You die...

··>·············▒·▒·····
▒··········▒·▒·▒·▒···▒·
▒·▒▒▒▒·▒·····▒·▒·▒▒▒▒▒·
▒·▒·······▒·▒·····
▒·▒·······▒·▒·▒▒▒▒
·▒·▒▒▒▒·▒···▒···▒·▒·▒
········▒·▒·▒·▒·▒·▒·▒
▒▒·▒▒▒··▒·▒·▒·▒·▒·▒·▒
▒·@▒·▒·▒·▒·▒·▒·▒ ▒†g▒
▒···▒ ▒·▒·▒▒▒▒ ▒··▒ ▒▒▒
▒·▒····· ▒··· ▒·▒▒▒▒▒▒
···▒ ▒·▒ ▒▒▒▒▒ ▒·▒▒▒▒▒▒
▒······· ▒▒▒▒▒▒▒▒


You could see Ijyb.

Vanquished Creatures
  An ogre (D:4)
  2 worker ants (D:4)
  Robin (D:4)
  2 adders (D:2)
  An ooze (D:1)
  An adder skeleton (D:4)
  2 worms (D:2)
  2 dart slugs (D:1)
  3 leopard geckos
  A giant cockroach (D:4)
  11 goblins
  5 hobgoblins
  6 jackals
  A quokka (D:2)
  5 bats
  4 frilled lizards
  4 kobolds
  A leopard gecko skeleton (D:4)
  5 rats
58 creatures vanquished.

Notes
Turn   | Place    | Note
-------+----------+-------------------------------------------
     0 | D:1      | Azzok the Gargoyle Fighter began the quest for the Orb.
     0 | D:1      | Reached XP level 1. HP: 14/14 MP: 1/1
    29 | D:1      | Reached skill level 2 in Axes
    61 | D:1      | Reached XP level 2. HP: 15/19 MP: 2/2
   396 | D:1      | Reached skill level 3 in Axes
   482 | D:1      | Reached XP level 3. HP: 23/23 MP: 3/3
   947 | D:2      | Found a shimmering altar of Xom.
   977 | D:2      | Reached XP level 4. HP: 28/28 MP: 4/4
  1060 | D:2      | Reached skill level 4 in Axes
  1094 | D:2      | You fall through a shaft for 2 floors!
  1153 | D:4      | Noticed an ogre
  1158 | D:4      | Killed an ogre
  1158 | D:4      | Reached XP level 5. HP: 13/32 MP: 5/5
  1366 | D:4      | Reached skill level 5 in Axes
  1377 | D:4      | Noticed Robin
  1386 | D:4      | Killed Robin
  1504 | D:4      | Found a staircase to the Ecumenical Temple.
  1555 | Temple   | Entered the Ecumenical Temple
  1773 | D:4      | Noticed Ijyb
  1781 | D:4      | Reached XP level 6. HP: 12/37 MP: 6/6
  1783 | D:4      | Blown up by Ijyb

Skill      XL: |  1  2  3  4  5 |
---------------+----------------+-----
Axes           | 2 3 4 5 |  5.5
Fighting       | |  3.2
Armour         | |  3.2
Shields        | |  3.2

Action                   |  1- 3 |  4- 6 || total
-------------------------+-------+-------++-------
Melee: War axe           |   129 |    42 ||   171
       Dagger            |       |    25 ||    25
  Use: Scroll            |     3 |       ||     3
  Eat: Chunk             |       |     3 ||     3
Armor: Scale mail        |   103 |       ||   103
       Chain mail        |    16 |    44 ||    60
Dodge: Dodged            |    55 |    19 ||    74
Block: Shield            |   113 |    29 ||   142
